 Dungeon Crawl Stone Soup version 0.22.1-1-ga44c0e5 (webtiles) character file.

68 truemonolith the Magician (level 4, 24/24 HPs)
             Began as a Deep Elf Conjurer on Sept 23, 2018.
             Quit the game on level 3 of the Dungeon on Nov 2, 2018.
             The game lasted 00:04:49 (1664 turns).

truemonolith the Magician (Deep Elf Conjurer)       Turns: 1664, Time: 00:04:50

Health: 24/24      AC:  3    Str:  5    XL:     4   Next: 1%
Magic:  10/13      EV: 13    Int: 21    God:
Gold:   73         SH:  0    Dex: 15    Spells: 12/13 levels left

rFire    . . .     SeeInvis +   (no weapon)
rCold    . . .     Gourm    .   (no shield)
rNeg     . . .     Faith    .   a - +0 robe
rPois    .         Spirit   .   (no helmet)
rElec    .         Reflect  .   (no cloak)
rCorr    .         Harm     .   l - +0 pair of gloves
MR       .....                  (no boots)
Stlth    ++........             (no amulet)
HPRegen  0.08/turn              e - ring of see invisible
MPRegen  0.13/turn              (no ring)

@: no status effects
A: no striking features
a: no special abilities


You were on level 3 of the Dungeon.
You were near starving.

You visited 1 branch of the dungeon, and saw 3 of its levels.

You collected 73 gold pieces.

Inventory:

Armour
 a - a +0 robe (worn)
 l - a +0 pair of gloves (worn)
Jewellery
 e - a ring of see invisible (left hand)
Wands
 n - a wand of scattershot (3)
Scrolls
 b - 3 scrolls of identify
 d - a scroll of enchant weapon {unknown}
 j - a scroll of remove curse {unknown}
 k - a scroll of immolation {unknown}
Potions
 f - a potion of lignification {unknown}
 g - a potion of agility {unknown}
 h - a potion of brilliance {unknown}
 i - a potion of flight {unknown}
 m - a potion of might {unknown}
Comestibles
 c - 8 rations


   Skills:
 - Level 2.6 Dodging
 - Level 2.4 Stealth
 * Level 5.3 Spellcasting
 - Level 4.7 Conjurations


You had 12 spell levels left.
You knew the following spells:

 Your Spells              Type           Power        Failure   Level  Hunger
a - Magic Dart            Conj           ####         1%          1    None

Your spell library contained the following spells:

 Spells                   Type           Power        Failure   Level  Hunger
 Searing Ray              Conj           ####..       2%          2    None
 Dazzling Spray           Conj/Hex       ###...       12%         3    ##.....
 Iskenderun's Mystic Bla  Conj           ####....     14%         4    ####...
 Force Lance              Conj/Tloc      ###.....     36%         4    ####...
 Fulminant Prism          Conj/Hex       ###.......   36%         4    ####...


Dungeon Overview and Level Annotations

Branches:
Dungeon (3/15)

Altars:


Message History

Casting: Magic Dart (safe; 1% risk of failure)
Confirm with . or Enter, or press ? or * to list all spells.
Aiming: Magic Dart (safe; 1% risk of failure)
Press: ? - help, Shift-Dir - straight line, f - orc
Aim: an orc, wielding a hand axe and wearing a leather armour The magic dart hits the orc.
The orc is almost dead.
Casting: Magic Dart (safe; 1% risk of failure)
Confirm with . or Enter, or press ? or * to list all spells.
Aiming: Magic Dart (safe; 1% risk of failure)
Press: ? - help, Shift-Dir - straight line, f/p - orc
Aim: an orc, wielding a hand axe and wearing a leather armour (almost dead)
The magic dart hits the orc.
You kill the orc!
You have reached level 4!
You feel clever.
Things that are here:
a hand axe; a leather armour; an orc corpse Unknown command.
Are you sure you want to abandon this character and quit the game? (Confirm

####### ....... .......
....... .......
...†...#########
o..............##########
#####......@............#
#...................#
#########.).........#
#...........#
#...........#
#...........#
#.).........#
#...........####
###########.....


There were no monsters in sight!

Vanquished Creatures
  A worker ant (D:3)
  2 dart slugs
  An orc (D:3)
  A ball python (D:3)
  2 giant cockroaches
  3 goblins
  7 hobgoblins
  8 kobolds
  3 bats (D:1)
  4 frilled lizards
  7 rats
39 creatures vanquished.

Notes
Turn   | Place    | Note
-------+----------+-------------------------------------------
     0 | D:1      | truemonolith the Deep Elf Conjurer began the quest for the
                  | Orb.
     0 | D:1      | Reached XP level 1. HP: 10/10 MP: 6/6
   173 | D:1      | Reached XP level 2. HP: 15/15 MP: 4/8
   614 | D:1      | Reached skill level 4 in Spellcasting
   814 | D:2      | Reached XP level 3. HP: 19/19 MP: 5/10
  1372 | D:3      | Reached skill level 5 in Spellcasting
  1658 | D:3      | Reached XP level 4. HP: 24/24 MP: 10/13
  1664 | D:3      | Quit the game

Skill      XL: |  1  2  3 |
---------------+----------+-----
Spellcasting   | 4 5 |  5.3
Dodging        | |  2.6
Stealth        | |  2.4
Conjurations   | |  4.7

Action                   |  1- 3 |  4- 6 || total
-------------------------+-------+-------++-------
Melee: Unarmed           |     1 |       ||     1
 Cast: Magic Dart        |    83 |     1 ||    84
  Use: Scroll            |     1 |       ||     1
Armor: Robe              |     1 |       ||     1
Dodge: Dodged            |     8 |       ||     8
